 Dungeon Crawl Stone Soup version 0.24-a0-528-g98e85ec62a (webtiles) character file.

Game seed: 6795917557010208131

176 DavidChitty2 the Conjurer (level 5, -8/42 HPs)
             Began as a Draconian Conjurer on Aug 5, 2019.
             Killed by nerve-wracking pain
             ... invoked by an orc priest
              (10 damage)
             ... on level 3 of the Dungeon.
             The game lasted 00:08:15 (4074 turns).

DavidChitty2 the Conjurer (Draconian Conjurer)      Turns: 4074, Time: 00:08:16

Health: -8/42      AC:  6    Str: 10    XL:     5   Next: 30%
Magic:  9/9        EV: 12    Int: 17    God:
Gold:   113        SH:  0    Dex: 11    Spells: 3/10 levels left

rFire    . . .     SeeInvis .   b - +0 dagger (venom)
rCold    . . .     Gourm    .   (no shield)
rNeg     . . .     Faith    .   (armour unavailable)
rPois    .         Spirit   .   (helmet restricted)
rElec    .         Reflect  .   (no cloak)
rCorr    .         Harm     .   (no gloves)
MR       .....                  g - +0 pair of boots
Stlth    ++........             (no amulet)
HPRegen  0.14/turn              (no ring)
MPRegen  0.11/turn              (no ring)

@: no status effects
A: unfitting armour, cold-blooded, AC +5
a: no special abilities


You were on level 3 of the Dungeon.
You were not hungry.

You visited 1 branch of the dungeon, and saw 3 of its levels.

You collected 113 gold pieces.

Inventory:

Hand Weapons
 a - a +1 dagger of draining
   (You took it off a goblin on level 2 of the Dungeon)
 b - a +0 dagger of venom (weapon)
   (You took it off a goblin on level 3 of the Dungeon)
Missiles
 m - 134 stones (quivered)
Armour
 g - a +0 pair of boots (worn)
   (You found it on level 1 of the Dungeon)
Scrolls
 c - a scroll of remove curse {unknown}
 d - a scroll of identify {@r1}
 f - a scroll of teleportation {@r4}
 h - a scroll of blinking {unknown}
 i - 2 scrolls of noise {!r}
Potions
 j - a potion of flight
 l - a potion of mutation {unknown}
Comestibles
 e - a ration {!d}


   Skills:
 + Level 2.6 Fighting
 - Level 1.7 Dodging
 - Level 1.7 Stealth
 + Level 3.0 Spellcasting
 * Level 5.4 Conjurations


You had 3 spell levels left.
You knew the following spells:

 Your Spells              Type           Power        Failure   Level  Hunger
a - Magic Dart            Conj           ###.         1%          1    None
s - Searing Ray           Conj           ###...       2%          2    ##.....
x - Iskenderun's Mystic   Conj           ###.....     19%         4    ####...

Your spell library contained the following spells:

 Spells                   Type           Power        Failure   Level  Hunger
 Dazzling Spray           Conj/Hex       ##....       17%         3    ###....
 Force Lance              Conj/Tloc      ##......     50%         4    ####...
 Fulminant Prism          Conj/Hex       ##........   50%         4    ####...


Dungeon Overview and Level Annotations

Branches:
Dungeon (3/15)

Altars:


Innate Abilities, Weirdness & Mutations

Your plain brown scales are hard. (AC +5)
You cannot fit into any form of body armour.
You are cold-blooded and may be slowed by cold attacks.


Message History

a +0 dagger of venom; a goblin corpse
m - a +0 dagger of venom Adjust (i)tems, (s)pells, or (a)bilities?
Adjust which item? (? for menu, Esc to quit)
m - a +0 dagger of venom Adjust to which letter? (? for menu, Esc to quit)
b - a +0 dagger of venom;
m - 134 stones (quivered)
Your +0 dagger of venom begins to drip with poison!
b - a +0 dagger of venom (weapon)
You start waiting.
All of the chunks of flesh in your inventory have rotted away.
The orc warrior is too close now for your liking.
You aren't carrying any items that you can evoke.
Okay, then.
The orc warrior shouts!
The orc warrior throws a stone.
The stone hits you but does no damage.
You see here a stone.
The orc warrior throws a stone.
The stone closely misses you.
The orc warrior throws a stone.
The stone barely misses you.
You see here a stone.
The orc warrior throws a stone.
The stone hits you!
You see here a stone.
The orc warrior throws a stone.
The stone completely misses you.
The orc warrior throws a stone.
The stone hits you!
You see here a stone.
The orc warrior throws a stone.
The stone hits you but does no damage.
You see here a stone.
The orc priest shouts!
The orc wizard shouts!
The orc warrior throws a stone.
The stone hits you!
* * * LOW HITPOINT WARNING * * *
The orc priest closely misses you.
You see here a stone.
The orc priest invokes the aid of Beogh against you.
Pain shoots through your body!
* * * LOW HITPOINT WARNING * * *
The orc warrior throws a stone.
The stone hits you.
* * * LOW HITPOINT WARNING * * *
You see here a +0 club.
The orc warrior throws a stone.
The stone hits you.
* * * LOW HITPOINT WARNING * * *
You see here a stone.
The orc warrior throws a stone.
The stone completely misses you.
The orc wizard gestures wildly while chanting.
The orc wizard flickers and vanishes!
Deactivating autopickup; reactivate with Ctrl-A.
There is a stone staircase leading down here.
You see here a stone.
The orc priest invokes the aid of Beogh against you.
Pain shoots through your body!
You die...

##......(# #..............#
........(# #######.#..#.###
.........# #.....#.#.##.#
........(# #.###o#.#....#
......o.(# #.# #.#.#....#
##......(###.###(#.####.#
.......oo.).o...>#......#
.........#######.#.###..###
.........# #@#...#....#
...####'## #.#.#.#.#.##
........# #...#.#.#..#
........# #####)#.#.##
.....÷..# #<#.#.#..#
#######.##### #.#.#.#÷##
..# #.......# #.#...#.# ..#
#.......# #.#####.#
..###.......# #...)...#


You could see an orc priest.

Vanquished Creatures
  7 adders
  4 gnolls (D:3)
  A worm (D:3)
  2 dart slugs
  10 bats
  3 giant cockroaches
  8 goblins
  8 hobgoblins
  7 jackals
  5 kobolds
  A quokka (D:2)
  3 frilled lizards
  8 rats
67 creatures vanquished.

Notes
Turn   | Place    | Note
-------+----------+-------------------------------------------
     0 | D:1      | DavidChitty2 the Draconian Conjurer began the quest for the
                  | Orb.
     0 | D:1      | Reached XP level 1. HP: 14/14 MP: 3/3
   346 | D:1      | Reached XP level 2. HP: 22/22 MP: 3/5
   693 | D:1      | Reached skill level 1 in Fighting
  1325 | D:1      | Reached XP level 3. HP: 28/28 MP: 3/6
  1433 | D:1      | Learned a level 2 spell: Searing Ray
  2569 | D:2      | Reached XP level 4. HP: 36/36 MP: 5/7
  2596 | D:2      | Learned a level 4 spell: Iskenderun's Mystic Blast
  3196 | D:3      | Reached skill level 5 in Conjurations
  3242 | D:3      | Noticed an orc warrior
  3583 | D:3      | Reached XP level 5. HP: 38/42 MP: 2/9
  4061 | D:3      | HP: 1/42 [orc warrior/stone (6)]
  4071 | D:3      | HP: 1/42 [orc warrior/stone (1)]
  4074 | D:3      | Killed from afar by an orc priest

Levels and vault maps discovered:
D:1:      ncdulo_smallfort, layout_loops_ring, hangedman_abyss_or_decor_stabs
D:2:      layout_basic, serial_curves, eino_curves_02, eino_curves_03
D:3:      layout_basic, gup_sewer_entry_glass, chequers_ecumenical_altar_simple,
          hangedman_decor_slide_cut, minmay_misc_feat_tower

Skill      XL: |  1  2  3  4  5 |
---------------+----------------+-----
Fighting       | 1 2 |  2.6
Conjurations   | 5 |  5.4
Spellcasting   | 3 |  3.0
Dodging        | |  1.7
Stealth        | |  1.7

Action                   |  1- 3 |  4- 6 || total
-------------------------+-------+-------++-------
Melee: Club              |     1 |       ||     1
       Hand axe          |    12 |       ||    12
       Dagger            |       |    10 ||    10
       Tailslap          |       |     1 ||     1
 Cast: Magic Dart        |    99 |    81 ||   180
  Use: Scroll            |       |     3 ||     3
  Eat: Chunk             |     6 |     5 ||    11
Armor: Skin              |    23 |    10 ||    33
Dodge: Dodged            |    45 |    29 ||    74

Table legend:
 A = Non-vault XP
 B = Vault XP
 C = Vault XP percentage of total XP
 D = Non-vault monster count
 E = Vault monster count
 F = Vault count percentage of total count
                 A         B        C        D         E       F
            +---------+---------+-------+---------+---------+-------
      Total |     238 |      14 |   5.6 |      66 |       1 |   1.5
            +---------+---------+-------+---------+---------+-------
        D:1 |      45 |       0 |   0.0 |      25 |       0 |   0.0
        D:2 |      68 |       0 |   0.0 |      21 |       0 |   0.0
        D:3 |     125 |      14 |  10.1 |      20 |       1 |   4.8
            +---------+---------+-------+---------+---------+-------
